 Dungeon Crawl Stone Soup version 0.16.1-51-g6203257 (webtiles) character file.

286 CcS the Slasher (level 6, 0/48 HPs)
             Began as a Demonspawn Berserker on July 13, 2015.
             Was a Believer of Trog.
             Slain by an orc priest
             ... wielding a +0 trident
              (4 damage)
             ... on level 4 of the Dungeon.
             The game lasted 00:04:23 (3769 turns).

CcS the Slasher (Demonspawn Berserker)              Turns: 3769, Time: 00:04:23

Health: 0/48       AC:  9    Str: 19    XL:     6   Next: 8%
Magic:  6/6        EV:  8    Int:  8    God:    Trog [**....]
Gold:   113        SH:  0    Dex: 13    Spells: 0 memorised, 5 levels left

rFire  . . .     SeeInvis .     a - +0 falchion
rCold  . . .     Clarity  .     i - +0 chain mail
rNeg   . . .     SustAb   .     (no shield)
rPois  .         Gourm    .     (no helmet)
rElec  .         Spirit   .     (no cloak)
rCorr  .         Warding  .     (no gloves)
rMut   .         Stasis   .     (no boots)
MR     .....                    (no amulet)
Stlth  ..........               (no ring)
                                (no ring)

@: exhausted, hasted and slowed, not resistant to hostile enchantments,
extremely unstealthy
A: claws 1, demonic guardian 1
a: Burn Spellbooks, Berserk, Trog's Hand, Renounce Religion


You were on level 4 of the Dungeon.
You worshipped Trog.
Trog was pleased with you.
You were very hungry.

You visited 1 branch of the dungeon, and saw 4 of its levels.

You collected 113 gold pieces.

Inventory:

Hand weapons
 a - a +0 falchion (weapon)
Armour
 b - a +0 animal skin
 i - a +0 chain mail (worn)
   (You found it on level 1 of the Dungeon)
 p - a +0 pair of gloves
   (You found it on level 2 of the Dungeon)
Jewellery
 n - an uncursed ring of positive energy {unknown}
   (You found it on level 3 of the Dungeon)
 w - an uncursed ring of magical power {unknown}
   (You found it on level 4 of the Dungeon)
Magical devices
 s - a wand of confusion (23)
   (You found it on level 4 of the Dungeon)
Scrolls
 d - a scroll of fear {unknown}
 e - 3 scrolls of identify {unknown}
 h - a scroll of remove curse {unknown}
 j - a scroll of recharging {unknown}
 q - a scroll of magic mapping {unknown}
 r - a scroll of teleportation {unknown}
Potions
 g - 4 potions of heal wounds {unknown}
 k - a potion of haste
 l - 2 potions of curing {unknown}
 m - a potion of might
 o - a potion of restore abilities {unknown}
 u - a potion of ambrosia {unknown}
 v - a potion of berserk rage {unknown}
 x - a potion of mutation {unknown}
 z - 2 potions of cancellation {unknown}
 A - a potion of poison {unknown}
Comestibles
 c - 5 bread rations {@e1}
 f - 2 meat rations {@e2}
 t - 3 fruits


   Skills:
 + Level 4.1 Fighting
 * Level 5.0 Long Blades
 + Level 3.1 Armour
 - Level 1.7 Dodging


You had 5 spell levels left.
You didn't know any spells.

Dungeon Overview and Level Annotations

Branches:
Dungeon (4/15)
 Temple: D:4-7

Altars:
Dithmenos
Gozag
Ru


Innate Abilities, Weirdness & Mutations

You have sharp fingernails.
A weak demonic guardian rushes to your aid.


Message History

You slash the ogre!
The orc priest hits you from afar with a trident.
The giant gecko barely misses you.
The orc priest hits you but does no damage.
You take 1 damage, and have 23/61 hp.
Unknown command.
You hit the ogre.
You kill the ogre!
Trog accepts your kill.
Your Fighting skill increases to level 4!
Your Armour skill increases to level 3!
The giant gecko bites you but does no damage.
Unknown command.
You hit the orc priest.
The orc priest hits you from afar with a trident.
The orc priest barely misses you.
Your crimson imp barely misses the orc priest.
Your crimson imp misses the giant gecko.
You take 3 damage, and have 21/63 hp.
Unknown command.
You barely miss the orc priest. The giant gecko closely misses you.
The orc priest hits you.
Your crimson imp hits the orc priest.
The orc priest hits you but does no damage.
Your crimson imp barely misses the giant gecko.
Unknown command.
You hit the orc priest.
Your crimson imp disappears in a puff of smoke!
The giant gecko bites you but does no damage.
Unknown command.
You closely miss the orc priest. The orc priest closely misses you.
Your crimson imp barely misses the giant gecko.
The giant gecko completely misses you. The orc priest completely misses you.
Unknown command.
You barely miss the orc priest.
You are feeling hungry.
The giant gecko bites you. The orc priest closely misses you.
Your crimson imp hits the giant gecko.
You take 2 damage, and have 20/63 hp.
Unknown command.
You closely miss the giant gecko.
You feel the effects of Trog's Hand fading.
The orc priest hits you but does no damage.
The giant gecko bites you but does no damage.
Unknown command.
You are too injured to fight recklessly!
You are too injured to fight recklessly!
You are too injured to fight recklessly!
You closely miss the orc priest. The orc priest hits you.
Your crimson imp hits the giant gecko.
The orc priest hits you but does no damage.
Unknown command.
Your chain mail prevents you from hitting the orc priest.
The giant gecko bites you but does no damage.
The orc priest closely misses you.
Your crimson imp blinks!
Unknown command.
You hit the orc priest.
You kill the orc priest!
Trog accepts your kill.
Your Long Blades skill increases to level 5!
You have reached level 6!
Your experience leads to an increase in your attributes!
Your base attributes are Str 18, Int 8, Dex 13.
Increase (S)trength, (I)ntelligence, or (D)exterity?
You feel stronger.
You are no longer berserk.
You are exhausted.
You feel yourself slow down.
You are feeling very hungry.
The giant gecko closely misses you.
The orc priest calls down the wrath of Beogh upon you.
Something smites you!
* * * LOW HITPOINT WARNING * * *
Your crimson imp blinks!
You now have 7/48 hp.
You hit the giant gecko.
You kill the giant gecko!
Trog accepts your kill. The orc priest barely misses you.
Unknown command.
Your skin stops crawling.
You feel less resistant to hostile enchantments.
The orc priest hits you but does no damage.
The orc priest barely misses you.
You see here a giant gecko corpse.
Unknown command.
You hit the orc priest but do no damage.
The orc priest hits you but does no damage.
Your crimson imp blinks!
Unknown command.
Your chain mail prevents you from hitting the orc priest.
The orc priest hits you but does no damage.
The orc priest hits you with a trident.
* * * LOW HITPOINT WARNING * * *
You take 5 damage, and have 4/48 hp.
Unknown command.
Drink which item? (? for menu, Esc to quit)
It was a potion of haste.
You feel yourself speed up. The orc priest hits you with a trident.
You die...

........##+## #
..##............# .
####............# ..
..#.............# ....
..#(...........5+ .....
..#.....##......# ....#
..+.....##......##....##
..##...........<.o.......
..##...........†@........
...............))........
.............../##....##
................# ....#
..##....##..............
..####+###.............
........##......##....
........##......# ... ...
.........#....... ....#


You could see an orc priest and a friendly crimson imp.

Vanquished Creatures
  An ogre (D:4)
  An orc priest (D:4)
  A worker ant (D:4)
  Terence (D:2)
  5 adders
  A giant mite (D:2)
  4 giant geckos
  An ooze (D:2)
  7 orcs
  6 bats
  A bat skeleton (D:4)
  5 giant cockroaches
  7 goblins
  10 hobgoblins
  2 quokkas
  A ball python (D:3)
  6 giant newts
  8 kobolds
  10 rats
78 creatures vanquished.

Vanquished Creatures (others)
  A crimson imp (D:4)
  A white imp (D:4)
2 creatures vanquished.

Grand Total: 80 creatures vanquished

Notes
Turn   | Place    | Note
--------------------------------------------------------------
     0 | D:1      | CcS, the Demonspawn Berserker, began the quest for the Orb.
     0 | D:1      | Reached XP level 1. HP: 18/18 MP: 1/1
    64 | D:1      | Reached skill level 3 in Long Blades
   128 | D:1      | Gained mutation: A weak demonic guardian rushes to your aid. [demonic ancestry]
   128 | D:1      | Reached XP level 2. HP: 9/24 MP: 2/2
   896 | D:1      | Acquired Trog's second power
  1210 | D:2      | Reached XP level 3. HP: 25/29 MP: 3/3
  1619 | D:2      | Reached skill level 2 in Armour
  1676 | D:2      | Noticed Terence
  1687 | D:2      | Killed Terence
  1687 | D:2      | Reached skill level 4 in Long Blades
  1806 | D:2      | Gained mutation: You have sharp fingernails. [demonic ancestry]
  1806 | D:2      | Reached XP level 4. HP: 33/35 MP: 4/4
  3121 | D:4      | Found a sacrificial altar of Ru.
  3121 | D:4      | Found a shadowy altar of Dithmenos.
  3159 | D:4      | Found an opulent altar of Gozag.
  3311 | D:4      | Reached XP level 5. HP: 19/41 MP: 5/5
  3316 | D:4      | HP: 15/61 [poisoned by a worker ant]
  3321 | D:4      | HP: 7/41 [poisoned by a worker ant]
  3326 | D:4      | HP: 8/41 [poisoned by a worker ant]
  3745 | D:4      | Noticed an ogre
  3755 | D:4      | Killed an ogre
  3755 | D:4      | Reached skill level 4 in Fighting
  3755 | D:4      | Reached skill level 3 in Armour
  3764 | D:4      | Reached skill level 5 in Long Blades
  3764 | D:4      | Reached XP level 6. HP: 25/48 MP: 6/6
  3764 | D:4      | HP: 7/48 [orc priest/divine providence (11)]
  3769 | D:4      | Slain by an orc priest

Action                   |  1- 3 |  4- 6 || total
-------------------------+-------+-------++-------
Melee: Falchion          |   162 |   164 ||   326
Invok: Trog's Hand       |     2 |     3 ||     5
       Berserk           |     1 |     3 ||     4
  Use: Potion            |       |     1 ||     1
  Eat: Chunk             |     4 |     9 ||    13

Vault maps used:
D:1:      lightli_arrival_isolated_outpost
D:2:      first_bread, uniq_terence
D:4:      nicolae_overflow_hidden_temple, elyvilon_altar_4

Table legend:
 A = Turns spent in this place as a percentage of turns spent in the entire game.
 B = Non-inter-level travel turns spent in this place as a percentage of non-inter-level travel turns spent in the entire game.
 C = Inter-level travel turns spent in this place as a percentage of turns spent in this place.
 D = Turns resting spent in this place as a percentage of non-inter-level travel turns spent in this place.
 E = Turns spent auto-exploring this place as a percentage of non-inter-level travel turns spent in this place.
 F = Non-inter-level travel turns spent in this place divided by the number of levels of this place that you've seen.
                   A       B       C       D       E      F
               +-------+-------+-------+-------+-------+----------------------
         Total | 100.0 | 100.0 |   0.4 |   4.5 |  11.7 | 259.8
       Dungeon | 100.0 | 100.0 |   0.4 |   4.5 |  11.7 | 259.8
               +-------+-------+-------+-------+-------+----------------------

Table legend:
 A = Kills in this place as a percentage of kills in entire the game.
 B = Kills by you in this place as a percentage of kills by you in the entire game.
 C = Kills by friends in this place as a percentage of kills by friends in the entire game.
 D = Other kills in this place as a percentage of other kills in the entire game.
 E = Experience gained in this place as a percentage of experience gained in the entire game.
 F = Experience gained in this place divided by the number of levels of this place that you have seen.
                   A       B       C       D       E      F
               +-------+-------+-------+-------+-------+----------------------
         Total | 100.0 | 100.0 |  -nan |  -nan | 100.0 | 102.2
       Dungeon | 100.0 | 100.0 |  -nan |  -nan | 100.0 | 102.2
               +-------+-------+-------+-------+-------+----------------------
